 Dungeon Crawl Stone Soup version 0.22-a0-422-g9628fc8 (webtiles) character file.

191 Borgoz the Skirmisher (level 5, -6/34 HPs)
             Began as a Gargoyle Abyssal Knight on May 18, 2018.
             Was a Believer of Lugonu.
             Killed from afar by a white imp (12 damage)
             ... with a puff of frost
             ... summoned by Natasha
             ... on level 3 of the Dungeon.
             The game lasted 00:05:53 (3013 turns).

Borgoz the Skirmisher (Gargoyle Abyssal Knight)     Turns: 3013, Time: 00:05:54

Health: -6/34      AC: 10    Str: 15    XL:     5   Next: 70%
Magic:  6/6        EV: 11    Int: 13    God:    Lugonu [**....]
Gold:   189        SH:  0    Dex: 10    Spells: 4/4 levels left

rFire    . . .     SeeInvis .   a - +1 mace
rCold    . . .     Gourm    .   (no shield)
rNeg     + . .     Faith    .   b - +0 leather armour
rPois    ∞         Spirit   .   (no helmet)
rElec    +         Reflect  .   (no cloak)
rCorr    .         Harm     .   e - +2 pair of gloves
MR       .....                  (no boots)
Stlth    +.........             (no amulet)
HPRegen  0.11/turn              (no ring)
MPRegen  0.10/turn              (no ring)

@: slowed, very slow
A: negative energy resistance 1, electricity resistance, unbreathing,
petrification resistance, rot immunity, AC +4
a: Depart the Abyss, Bend Space, Renounce Religion


You were on level 3 of the Dungeon.
You worshipped Lugonu.
Lugonu was pleased with you.
You were not hungry.

You visited 1 branch of the dungeon, and saw 3 of its levels.
You visited the Abyss 1 time.

You collected 189 gold pieces.

Inventory:

Hand Weapons
 a - a +1 mace (weapon)
Armour
 b - a +0 leather armour (worn)
 e - a +2 pair of gloves (worn)
Jewellery
 d - a cursed ring of loudness {unknown}
 g - a cursed -2 ring of strength {unknown}
 m - an uncursed ring of wizardry {unknown}
Wands
 j - a wand of paralysis (10)
Scrolls
 f - a scroll of identify {unknown}
 h - 2 scrolls of teleportation {unknown}
 k - 3 scrolls of remove curse {unknown}
 l - a scroll of random uselessness {unknown}
 o - a scroll of enchant weapon {unknown}
Potions
 n - a potion of might {unknown}
Comestibles
 c - 8 rations
 i - a chunk of flesh


   Skills:
 + Level 4.5 Fighting
 + Level 4.0 Maces & Flails
 + Level 2.7 Armour
 + Level 1.7 Dodging
 + Level 0.4 Stealth
 + Level 2.1 Invocations


You had 4 spell levels left.
You didn't know any spells.
Your spell library was empty.

Dungeon Overview and Level Annotations

Branches:
Dungeon (3/15)

Altars:
Ashenzari

Annotations:
D:3 1 runed door, Natasha


Innate Abilities, Weirdness & Mutations

You are resistant to torment.
Your stone body is resilient. (AC +4)
You are immune to poison.
You resist negative energy. (rN+)
You are resistant to electric shocks. (rElec)
You can survive without breathing.
You are immune to petrification.
You are immune to rotting.


Message History

Natasha closely misses you. The white imp gestures at you.
The puff of frost hits you!
You completely miss Natasha.
Natasha is severely wounded.
The crimson imp barely misses you. Natasha closely misses you.
The white imp closely misses you. The crimson imp hits you.
* * * LOW HITPOINT WARNING * * *
Natasha barely misses you. The white imp gestures at you.
The puff of frost hits you!
You hit Natasha.
Natasha is almost dead.
The crimson imp barely misses you.
Natasha stares at you and mumbles some strange words.
The magic dart hits you!
* * * LOW HITPOINT WARNING * * *
The white imp gestures at you. The puff of frost hits you!
You die...

###### ############ #....#
#..........# #....#
#..........# #....#
#......<...# #....#
#..........# #....#
#......5h..# #....#
####......@5..# #....##
.........>...# #....#.
##..#......## #......
.####.#........## #.....#
........†.......# ####.#.#
.#####..........#####.......
#..........##..#.##...#
##......>..#...........
#.............####.##.


You could see Natasha, a crimson imp and a white imp.

Vanquished Creatures
  Robin (D:2)
  3 gnolls (D:3)
  5 adders
  An ooze (D:2)
  14 dart slugs
  2 leopard geckos (D:2)
  5 bats
  3 giant cockroaches
  10 goblins
  12 hobgoblins
  5 frilled lizards
  7 kobolds
  12 rats
80 creatures vanquished.

Notes
Turn   | Place    | Note
-------+----------+-------------------------------------------
     0 | Abyss:1  | Borgoz the Gargoyle Abyssal Knight began the quest for the Orb.
     0 | Abyss:1  | Reached XP level 1. HP: 14/14 MP: 2/2
    43 | Abyss:1  | Noticed a large abomination
    46 | Abyss:1  | Noticed a shadow dragon skeleton
    49 | Abyss:2  | Found a corrupted altar of Lugonu.
    63 | Abyss:2  | Noticed a tentacled starspawn
   115 | Abyss:2  | Noticed a daeva
   232 | Abyss:2  | Noticed an efreet
   237 | D:1      | Escaped the Abyss
   301 | D:1      | Reached XP level 2. HP: 15/19 MP: 3/3
   305 | D:1      | Reached * piety under Lugonu
   951 | D:2      | Found a shattered altar of Ashenzari.
   973 | D:2      | Reached XP level 3. HP: 24/24 MP: 4/4
   997 | D:2      | Noticed Robin
  1009 | D:2      | Killed Robin
  1363 | D:2      | Reached skill level 1 in Dodging
  1478 | D:2      | Reached XP level 4. HP: 29/29 MP: 5/5
  1509 | D:2      | Found a faded altar of an unknown god.
  1702 | D:2      | Reached ** piety under Lugonu
  2047 | D:2      | Reached XP level 5. HP: 29/34 MP: 6/6
  2878 | D:3      | Found a runed door.
  2997 | D:3      | Noticed Natasha
  3013 | D:3      | Killed from afar by a white imp

Vault maps used:
D:1:      minmay_arrival_solitary_statue, kennysheep_nondescript
D:2:      minmay_diamond_boxcup, chequers_ecumenical_altar_simple,
          minmay_misc_feat_iff, nicolae_ashenzari_panopticon, uniq_terence,
          uniq_robin
D:3:      kennysheep_slugbush, uniq_natasha, uniq_crazy_yiuf_cottage
Abyss:2:  minivault_25_ag, hangedman_elemental_corridor

Skill      XL: |  1  2  3  4  5 |
---------------+----------------+-----
Fighting       | 4 |  4.5
Dodging        | 1 |  1.7
Maces & Flails | 3 4 |  4.0
Armour         | |  2.7
Stealth        | |  0.4
Invocations    | |  2.1

Action                   |  1- 3 |  4- 6 || total
-------------------------+-------+-------++-------
Melee: Mace              |    94 |   147 ||   241
Invok: Depart the Abyss  |     1 |       ||     1
  Eat: Chunk             |     2 |     5 ||     7
Armor: Leather armour    |    51 |    88 ||   139
Dodge: Dodged            |    72 |   108 ||   180

Table legend:
 A = Spawn XP
 B = Non-spawn XP
 C = Spawn XP percentage of total XP
 D = Spawn monster count
 E = Non-spawn monster count
 F = Spawn count percentage of total count
 G = Total turns spent on level
                    A         B        C        D         E        F      G
               +---------+---------+-------+---------+---------+-------+---------
         Total |       0 |     273 |   0.0 |       0 |      80 |   0.0 |  3013
               +---------+---------+-------+---------+---------+-------+---------
           D:1 |       0 |      33 |   0.0 |       0 |      19 |   0.0 |   710
           D:2 |       0 |     143 |   0.0 |       0 |      42 |   0.0 |  1581
           D:3 |       0 |      97 |   0.0 |       0 |      19 |   0.0 |   485
               +---------+---------+-------+---------+---------+-------+---------
